 Dungeon Crawl Stone Soup version bcrawl-1.31.4 (webtiles) character file.

Game seed: 4163464392390951309

111105 Morbidden the Sneak (level 3, -1/28 HPs)
             Began as a Draconian Archaeologist on June 10, 2021.
             Slain by an orc
             ... wielding a +0 trident of venom
              (10 damage)
             ... on level 3 of the Dungeon.
             The game lasted 00:01:27 (1849 turns).

Morbidden the Sneak (Draconian Archaeologist)       Turns: 1849, Time: 00:01:28

Health: -1/28      AC:  8    Str: 13    XL:     3   Next: 85%
Magic:  3/3        EV: 12    Int: 14    God:
Gold:   78         SH:  0    Dex: 10    Spells: 2/2 levels left

rFire    . . .     SeeInvis .   b - +1 hunting sling (flame)
rCold    . . .     Gourm    .   (no shield)
rNeg     . . .     Faith    .   (armour unavailable)
rPois    .         Spirit   .   c - +1 hat
rElec    .         Reflect  .   (no cloak)
rCorr    .         Harm     .   (no gloves)
MR       .....                  d - +1 pair of boots
Stlth    ++........             (no amulet)
HPRegen  0.09/turn              (no ring)
MPRegen  0.08/turn              (no ring)

@: lethally poisoned (-1 -> -15)
A: unfitting armour, cold-blooded, AC +5
a: no special abilities


You were on level 3 of the Dungeon.
You were hungry.

You visited 1 branch of the dungeon, and saw 3 of its levels.

You collected 78 gold pieces.

Inventory:

Hand Weapons
 a - a +0 whip
 b - a +1 hunting sling of flaming (weapon)
 j - a +0 blowgun
Missiles
 h - 6 curare-tipped needles
 i - 433 stones (quivered)
 w - 76 javelins
Armour
 c - a +1 hat (worn)
 d - a +1 pair of boots (worn)
Wands
 t - a wand of enslavement (8)
Scrolls
 f - 2 scrolls of magic mapping
 k - a scroll of remove curse {unknown}
 l - a scroll of teleportation {unknown}
 m - a scroll of fog {unknown}
 n - a scroll of immolation {unknown}
 q - 2 scrolls of amnesia {unknown}
 s - a scroll of enchant armour {unknown}
Potions
 o - a potion of lignification {unknown}
 p - a potion of cancellation {unknown}
 u - a potion of degeneration {unknown}
 v - a potion of haste {unknown}
 x - a potion of curing {unknown}
Miscellaneous
 g - a dusty tome
Comestibles
 e - 6 rations {!d}


   Skills:
 * Level 1.3 Fighting
 + Level 1.4 Maces & Flails
 + Level 1.8 Slings
 * Level 3.1 Dodging
 + Level 3.4 Stealth


You had 2 spell levels left.
You didn't know any spells.
Your spell library was empty.

Dungeon Overview and Level Annotations

Branches:
Dungeon (3/12)

Altars:
Uskayaw
Vehumet


Innate Abilities, Weirdness & Mutations

Your plain brown scales are hard. (AC +5)
You cannot fit into any form of body armour.
You are cold-blooded and may be slowed by cold attacks.


Message History

The orc wizard hits you with a +0 dagger.
No path to travel!
No path to travel!
Firing (i - inventory. (/) - cycle)
i - 435 stones (quivered)
Press: ? - help, Shift-Dir - straight line, f/p - orc wizard
Aim: an orc wizard, wielding a +0 dagger and wearing a +0 robe (heavily wounded)
You shoot a stone.
The stone closely misses the orc wizard.
You feel sick.
The orc hits you from afar with a +0 trident of venom.
You are lethally poisoned!
The orc wizard mumbles some strange words.
The orc wizard flickers and vanishes!
Deactivating autopickup; reactivate with Ctrl-A.
Firing (i - inventory. (/) - cycle)
i - 434 stones (quivered)
Press: ? - help, Shift-Dir - straight line, f - orc
Aim: an orc, wielding a +0 trident of venom and wearing a +0 leather armour You shoot a stone.
You feel sick.
The orc hits you from afar with a +0 trident of venom!
You die...

# #.
####.###
#...oo)#
#{# #@#
#.# ...
##.##
#.# #.#
..# ###


You could see an orc.

Vanquished Creatures
  An ooze (D:2)
  4 worms (D:2)
  3 dart slugs
  3 leopard geckos (D:2)
  2 orcs (D:3)
  2 bats
  A giant cockroach (D:1)
  6 goblins
  3 kobolds
  3 quokkas (D:2)
  A ball python (D:1)
  2 frilled lizards
  3 rats (D:1)
34 creatures vanquished.

Vanquished Creatures (others)
  A goblin (D:2)
1 creature vanquished.

Grand Total: 35 creatures vanquished

Notes
Turn   | Place    | Note
-------+----------+-------------------------------------------
     0 | D:1      | Morbidden the Draconian Archaeologist began the quest for
                  | the Orb.
     0 | D:1      | Reached XP level 1. HP: 16/16 MP: 1/1
   293 | D:1      | Reached XP level 2. HP: 22/23 MP: 2/2
   984 | D:2      | Reached XP level 3. HP: 28/28 MP: 3/3
  1013 | D:2      | Reached skill level 1 in Slings
  1015 | D:2      | Found a radiant altar of Vehumet.
  1407 | D:2      | Found a hide-covered altar of Uskayaw.
  1849 | D:3      | Slain by an orc

Skill      XL: |  1  2  3 |
---------------+----------+-----
Dodging        | 3 |  3.1
Slings         | 1 |  1.8
Fighting       | |  1.3
Maces & Flails | |  1.4
Stealth        | |  3.4

Action                   || total
-------------------------++-------
Melee: Whip              ||    47
       Tailslap          ||     6
 Fire: Hunting sling     ||    90
  Use: Scroll            ||     1
 Stab: Sleeping          ||     5
  Eat: Chunk             ||     6
Armor: Skin              ||    23
Dodge: Dodged            ||    42
